 Dungeon Crawl Stone Soup version 0.25-a0-523-g9afb2ee040 (webtiles) character file.

Game seed: 10146910465926073911, levelgen mode: classic

747 EnegeticOcto the Chopper (level 7, 52/66 HPs)
             Began as a Deep Dwarf Fighter on Feb 18, 2020.
             Was an Initiate of Makhleb.
             Quit the game on level 5 of the Dungeon.
             The game lasted 00:01:27 (1606 turns).

EnegeticOcto the Chopper (Deep Dwarf Fighter)       Turns: 1606, Time: 00:01:28

Health: 52/66      AC: 10    Str: 21    XL:     7   Next: 48%
Magic:  5/5        EV:  2    Int:  9    God:    Makhleb [......]
Gold:   146        SH:  0    Dex: -17 (12)Spells: 6/6 levels left

rFire    + . .     SeeInvis .   a - +0 broad axe
rCold    x . .     Gourm    .   c - +0 kite shield
rNeg     . . .     Faith    .   q - +0 chain mail
rPois    .         Spirit   .   (no helmet)
rElec    .         Reflect  .   (no cloak)
rCorr    .         Harm     .   h - +0 pair of gloves
MR       +....                  (no boots)
Stlth    ..........             (no amulet)
HPRegen  0.00/turn              p - ring of fire (curse)
MPRegen  0.09/turn              (no ring)

@: non-regenerating, slowed, lost dexterity, very slow
A: damage resistance, heal wounds, sense surroundings 1, no regeneration
a: Heal Wounds, Renounce Religion


You were on level 5 of the Dungeon.
You worshipped Makhleb.
Makhleb was noncommittal.
You were not hungry.

You visited 1 branch of the dungeon, and saw 5 of its levels.

You collected 146 gold pieces.

Inventory:

Hand Weapons
 a - a +0 broad axe (weapon)
Armour
 b - a +0 scale mail
 c - a +0 kite shield (worn)
 h - a +0 pair of gloves (worn)
 q - a +0 chain mail (worn)
Jewellery
 p - a cursed ring of fire (left hand)
Scrolls
 g - 2 scrolls of identify {unknown}
 i - a scroll of blinking {unknown}
 j - 2 scrolls of teleportation {unknown}
 n - 2 scrolls of random uselessness {unknown}
Potions
 f - a potion of heal wounds {unknown}
 k - 2 potions of might {@q3}
 l - a potion of lignification {unknown}
 m - a potion of resistance {unknown}
 o - a potion of curing {unknown}
Comestibles
 d - 3 chunks of flesh
 e - 5 rations


   Skills:
 * Level 4.8 Fighting
 * Level 5.3 Axes
 + Level 4.6 Armour
 + Level 3.0 Dodging
 + Level 4.6 Shields
 + Level 1.3 Invocations


You had 6 spell levels left.
You didn't know any spells.
Your spell library was empty.

Dungeon Overview and Level Annotations

Branches:
Dungeon (5/15)
 Temple: D:4-7

Altars:
Makhleb
Okawaru


Innate Abilities, Weirdness & Mutations

You are resistant to damage.
You can heal yourself by infusing magical energy.
You passively map a small area around you.
You do not regenerate.


Message History

The orc hits you but does no damage.
You miss the quasit. The quasit bites you.
You feel clumsy. The quasit claws you.
The quasit claws you but does no damage.
The quasit bites you but does no damage.
The quasit claws you but does no damage. x2
The orc hits you from afar with a +0 trident.
* * * LOW HITPOINT WARNING * * *
The quasit bites you but does no damage.
The quasit claws you but does no damage. x2
The orc hits you but does no damage.
You miss the quasit.
The quasit bites you but does no damage.
The quasit claws you but does no damage. x2
The crimson imp shouts, "Run away, thou skyhacking muck-plodding dewberry!"
The quasit bites you but does no damage.
The quasit claws you but does no damage. x2
The orc hits you from afar with a +0 trident.
* * * LOW HITPOINT WARNING * * *
The crimson imp hits you but does no damage.
The quasit bites you but does no damage.
The quasit claws you. x2
You feel clumsy. The orc hits you but does no damage.
You closely miss the quasit. You closely miss the crimson imp.
The quasit bites you but does no damage.
The quasit claws you but does no damage. x2
The crimson imp hits you. The orc hits you but does no damage.
The quasit bites you but does no damage.
The quasit claws you.
The quasit claws you but does no damage.
The crimson imp hits you but does no damage.
The orc hits you but does no damage.
The quasit bites you but does no damage.
The quasit claws you but does no damage. x2
You miss the quasit. You barely miss the crimson imp.
The crimson imp hits you but does no damage.
The quasit bites you.
The quasit claws you but does no damage.
The quasit claws you. The orc hits you but does no damage.
The crimson imp hits you but does no damage.
The quasit bites you but does no damage.
The quasit claws you but does no damage. x2
The orc hits you from afar with a +0 trident.
* * * LOW HITPOINT WARNING * * *
You closely miss the quasit. You miss the crimson imp.
The quasit bites you but does no damage.
The quasit claws you but does no damage.
The quasit claws you.
* * * LOW HITPOINT WARNING * * *
The crimson imp blinks!
The quasit bites you but does no damage.
The quasit claws you but does no damage. x2
The orc hits you but does no damage.
The quasit bites you but does no damage.
The quasit claws you but does no damage. x2
You miss the quasit.
The quasit bites you but does no damage.
The quasit claws you but does no damage.
The quasit claws you.
You feel clumsy. The orc barely misses you. The quasit barely misses you.
The quasit claws you.
You feel clumsy.
The quasit claws you but does no damage.
The crimson imp shouts, "Flee, thou paunchy bat-fowling clam!"
The orc hits you from afar with a +0 trident.
The quasit bites you but does no damage.
The quasit claws you but does no damage. x2
You miss the quasit. You barely miss the crimson imp. The quasit bites you.
You feel clumsy. The quasit claws you.
The quasit claws you but does no damage.
The orc hits you but does no damage.
The crimson imp hits you but does no damage.
The quasit bites you but does no damage.
The quasit claws you but does no damage. x2
The orc hits you but does no damage.
The crimson imp hits you but does no damage.
The quasit completely misses you.
The quasit claws you but does no damage. x2
You slash the quasit!
You kill the quasit!
Makhleb accepts your kill.
You feel your dexterity returning.
You closely miss the crimson imp.
The orc hits you from afar with a +0 trident.
* * * LOW HITPOINT WARNING * * *
The crimson imp barely misses you.
The orc hits you from afar with a +0 trident.
The crimson imp shouts, "Back with thee, thou erky dread-bolted pimple!"
The crimson imp hits you but does no damage.
Your magical essence is drained by the effort!
You feel much better. The orc hits you but does no damage.
The crimson imp shouts, "Remove thy stench, thou spongy saucy lout!"
The crimson imp hits you but does no damage.
You feel much better. The orc hits you but does no damage.
The crimson imp hits you but does no damage. x2
The orc hits you from afar with a +0 trident.
Are you sure you want to abandon this character and quit the game? (Confirm with "yes".)

, #.......# * *
####.......### ..## .
###.#..........#......
..#.....................
........................
.....o.#......# ....... *
#.[)#.....###....... ,
##)@.(.#####.......#
#......5.....##.........
*##.......##........##...
*
..##..#...#.............
. ....##..###...........
.....###............##.
....###_##.)###....####.
#...##...##.##......#...
* #.....#............#


You could see a crimson imp and an orc.

Vanquished Creatures
  Edmund (D:5)
  A hornet zombie (D:5)
  An ogre (D:4)
  A centaur (D:5)
  A crimson imp (D:4)
  A quasit (D:5)
  A hound (D:5)
  2 orc wizards (D:5)
  A centaur skeleton (D:3)
  2 worker ants (D:5)
  3 gnolls (D:4)
  A howler monkey skeleton (D:4)
  3 adders
  An ooze (D:4)
  An adder skeleton (D:5)
  An adder zombie (D:5)
  A worm (D:3)
  A dart slug (D:1)
  4 leopard geckos
  15 orcs
  4 bats
  3 giant cockroaches
  5 goblins
  2 hobgoblins
  7 jackals
  2 quokkas
  3 frilled lizards
  4 kobolds
  A quokka skeleton (D:4)
  A rat (D:2)
75 creatures vanquished.

Notes
Turn   | Place    | Note
-------+----------+-------------------------------------------
     0 | D:1      | EnegeticOcto the Deep Dwarf Fighter began the quest for the
                  | Orb.
     0 | D:1      | Reached XP level 1. HP: 20/20 MP: 1/1
    84 | D:1      | Reached XP level 2. HP: 25/27 MP: 2/2
   167 | D:2      | Reached XP level 3. HP: 31/34 MP: 3/3
   269 | D:3      | Reached skill level 1 in Dodging
   276 | D:3      | Reached skill level 3 in Axes
   365 | D:3      | Reached XP level 4. HP: 30/42 MP: 4/4
   806 | D:4      | Reached XP level 5. HP: 39/49 MP: 5/5
   837 | D:4      | Noticed an ogre
   846 | D:4      | Killed an ogre
   846 | D:4      | Reached skill level 4 in Axes
  1148 | D:5      | Entered Level 5 of the Dungeon
  1176 | D:5      | Reached XP level 6. HP: 53/57 MP: 5/5
  1206 | D:5      | Found an iron altar of Okawaru.
  1245 | D:5      | Noticed Edmund
  1257 | D:5      | Killed Edmund
  1370 | D:5      | Reached XP level 7. HP: 66/66 MP: 6/6
  1393 | D:5      | Found a burning altar of Makhleb.
  1418 | D:5      | Became a worshipper of Makhleb the Destroyer
  1487 | D:5      | Reached skill level 5 in Axes
  1527 | D:5      | Reached skill level 1 in Invocations
  1555 | D:5      | Lost dexterity.
  1606 | D:5      | Quit the game

Levels and vault maps discovered:
D:1:      minmay_arrival_nine_rooms, layout_basic, xom_teletrap_fun
D:2:      lemuel_upstairs_altar, layout_rooms, chequers_ecumenical_altar_simple
D:3:      layout_basic, first_ration
D:4:      layout_layer_cave, chequers_serial_rivers_micro_b
D:5:      layout_cave_pools, marbit_many_paths, okawaru_altar_gauntlet_db,
          uniq_edmund

Skill      XL: |  1  2  3  4  5  6  7 |
---------------+----------------------+-----
Fighting       | 3 4 |  4.8
Dodging        | 1 2 3 |  3.0
Axes           | 3 4 5 |  5.3
Armour         | 4 |  4.6
Shields        | 4 |  4.6
Invocations    | 1 |  1.3

Action                   |  1- 3 |  4- 6 |  7- 9 || total
-------------------------+-------+-------+-------++-------
Melee: War axe           |    82 |    86 |       ||   168
       Broad axe         |       |    36 |   131 ||   167
 Abil: Heal Wounds       |       |     7 |     4 ||    11
  Eat: Chunk             |       |     2 |     1 ||     3
Armor: Scale mail        |    36 |    45 |       ||    81
       Chain mail        |       |     4 |   599 ||   603
Dodge: Dodged            |    21 |    65 |   114 ||   200
Block: Kite shield       |    54 |    65 |   116 ||   235

Table legend:
 A = Non-vault XP
 B = Vault XP
 C = Vault XP percentage of total XP
 D = Non-vault monster count
 E = Vault monster count
 F = Vault count percentage of total count
                 A         B        C        D         E       F
            +---------+---------+-------+---------+---------+-------
      Total |     904 |     164 |  15.4 |      67 |       8 |  10.7
            +---------+---------+-------+---------+---------+-------
        D:1 |      22 |       0 |   0.0 |      11 |       0 |   0.0
        D:2 |      23 |       0 |   0.0 |       7 |       0 |   0.0
        D:3 |      65 |       0 |   0.0 |      11 |       0 |   0.0
        D:4 |     263 |       0 |   0.0 |      15 |       0 |   0.0
        D:5 |     531 |     164 |  23.6 |      23 |       8 |  25.8
            +---------+---------+-------+---------+---------+-------
